 Dungeon Crawl Stone Soup version 0.25-a0-855-g681bda5bb4 (webtiles) character file.

Game seed: 16371961894116396111, levelgen mode: deterministic

467 Maedhros the Ducker (level 7, -3/45 HPs)
             Began as an Octopode Chaos Knight on Apr 26, 2020.
             Was a Plaything of Xom.
             Slain by Pikel
             ... wielding a +1 whip of freezing
              (7 damage)
             ... on level 3 of the Dungeon.
             The game lasted 00:06:30 (10185 turns).

Maedhros the Ducker (Octopode Chaos Knight)        Turns: 10185, Time: 00:06:30

Health: -3/45      AC:  4    Str:  8      XL:     7   Next: 8%
Magic:  1/7        EV: 14    Int: 10 (12) God:    Xom [......]
Gold:   97         SH:  0    Dex: 13      Spells: 6/6 levels left

rFire    . . .     SeeInvis .   j - +5 scythe (flame)
rCold    . . .     Gourm    .   (shield currently unavailable)
rNeg     . . .     Faith    +   (helmet restricted)
rPois    .         Spirit   .   o - amulet of faith
rElec    .         Reflect  .   s - ring of wizardry
rCorr    .         Harm     .   (no ring)
MR       .....                  (no ring)
Stlth    ++++......             (no ring)
HPRegen  0.15/turn              (no ring)
MPRegen  0.10/turn              (no ring)
                                (no ring)
                                (no ring)

@: especially stealthy, heavily drained
A: almost no armour, stealthy swim, amphibious, 8 rings, constrict 8, icy blue
scales 1, rugged brown scales 1, camouflage 1, dopey 1, frail 1, weak 2,
gelatinous body 1, MP-powered wands
a: Renounce Religion


You were on level 3 of the Dungeon.
You worshipped Xom.
You were a very special plaything of Xom.
You were very hungry.

You visited 1 branch of the dungeon, and saw 4 of its levels.

You collected 97 gold pieces.

Inventory:

Hand Weapons
 a - a +0 spear of chaos
 j - a +5 scythe of flaming (weapon)
Jewellery
 g - an uncursed amulet of harm
 l - a +4 amulet of reflection
 m - an uncursed amulet of guardian spirit
 o - an amulet of faith (around mantle)
 s - a ring of wizardry (left tentacle)
Wands
 p - a wand of flame (7)
Scrolls
 c - a scroll of teleportation {unknown}
 d - 4 scrolls of remove curse {unknown}
 h - 2 scrolls of amnesia {unknown}
 n - 2 scrolls of fog {unknown}
 q - a scroll of noise {unknown}
 u - a scroll of fear {unknown}
 v - a scroll of identify
Potions
 e - a potion of flight {unknown}
 i - 2 potions of mutation {unknown}
 k - a potion of stabbing {unknown}
 r - a potion of resistance {unknown}
 t - 3 potions of haste {unknown}
Comestibles
 b - 7 rations


   Skills:
 + Level 4.6(2.4) Fighting
 + Level 4.6(2.4) Polearms
 * Level 5.6(3.3) Dodging


You had 6 spell levels left.
You didn't know any spells.
Your spell library contained the following spells:

 Spells                   Type           Power        Failure   Level  Hunger
 Animate Skeleton         Necr           N/A          16%         1    ##.....
 Apportation              Tloc           #.....       16%         1    ##.....
 Corona                   Hex            #......      16%         1    ##.....
 Summon Small Mammal      Summ           #...         16%         1    ##.....


Dungeon Overview and Level Annotations

Branches:
Dungeon (4/15)
 Temple: D:4-7

Altars:

Annotations:
D:3 Pikel


Innate Abilities, Weirdness & Mutations

You cannot wear most types of armour.
You are very stealthy in the water. (Stealth+)
You are amphibious.
You can wear up to eight rings at the same time.
You can use your tentacles to constrict eight enemies at once.
Your skin changes colour to match your surroundings (Stealth+).
Your rubbery body absorbs attacks. (AC +1, EV +1)
You are partially covered in icy blue scales. (AC +2)
You are partially covered in rugged brown scales. (AC +1, +3% HP)
You are dopey. (Int -2)
You are frail. (-10% HP)
You are very weak. (Str -4)
You expend magic power (3 MP) to strengthen your wands.


Message History

The slave closely misses you. Pikel hits you but does no damage.
You feel better.
You constrict Pikel, but do no damage. The slave barely misses you.
Pikel hits you with a +1 whip of freezing.
Pikel freezes you.
* * * LOW HITPOINT WARNING * * *
You hit Pikel. You burn Pikel. Your squeeze misses Pikel.
Pikel is severely wounded.
You constrict Pikel. Pikel hits you but does no damage.
The slave hits you but does no damage. Pikel closely misses you.
The slave hits you!
* * * LOW HITPOINT WARNING * * *
Pikel barely misses you.
Unknown command.
You hit Pikel. You burn Pikel. You squeeze Pikel, but do no damage.
Pikel is almost dead.
You constrict Pikel.
Pikel hits you with a +1 whip of freezing!
You die...
Xom is highly amused!

##.......#
#...(...####### ##
#..#..........# #.
#######
##.#..........#######.
#.....#
#..................#.
#.....#
###.#+#####..####.....
#.....#
#.....######...####...
#.....#
#.##K.p....##....####.
#.....#
#.##.@####.###.....###
#.....# #.#####
#.###.....###
#.....######'###
#..#....####.
......##...(...#
##....####...
)..#####.......#
#..####....# (..#
#.....<.# #.........##
...# #.......#
#........### ...#
#.......# ########..#.
.### #.......# ##...


You could see Pikel and a slave.

Vanquished Creatures
  Sigmund (D:2)
  A phantom (D:2)
  An orc wizard (D:3)
  An iron imp (D:3)
  3 gnolls (D:3)
  7 adders
  A worm (D:3)
  2 dart slugs
  A leopard gecko (D:3)
  4 orcs
  6 bats
  4 giant cockroaches
  8 goblins
  4 hobgoblins
  4 jackals (D:2)
  9 kobolds
  A quokka (D:3)
  2 ball pythons
  A frilled lizard (D:1)
  4 rats
65 creatures vanquished.

Notes
Turn   | Place    | Note
-------+----------+-------------------------------------------
     0 | D:1      | Maedhros the Octopode Chaos Knight began the quest for the
                  | Orb.
     0 | D:1      | Reached XP level 1. HP: 16/16 MP: 1/1
     3 | D:1      | XOM: silly message
    73 | D:1      | XOM: divination: magic mapping
   594 | D:1      | XOM: divination: magic mapping
   944 | D:1      | XOM: silly message
  1058 | D:1      | XOM: silly message
  1186 | D:1      | XOM: silly message
  1246 | D:1      | XOM: noise
  1284 | D:1      | Reached XP level 2. HP: 10/21 MP: 2/2
  1491 | D:1      | XOM: silly message
  1515 | D:1      | XOM: divination: magic mapping
  1854 | D:1      | XOM: give mutations
  1854 | D:1      | Gained mutation: You are covered in fur. (AC +1) [Xom's
                  | grace]
  1854 | D:1      | Gained mutation: You possess an exceptional clarity of
                  | mind. [Xom's grace]
  1948 | D:1      | XOM: cloud trail
  2027 | D:1      | XOM: give mutations
  2027 | D:1      | Gained mutation: Your spells are a little harder to cast,
                  | but a little more powerful. [Xom's grace]
  2027 | D:1      | Gained mutation: You expend magic power (3 MP) to
                  | strengthen your wands. [Xom's grace]
  2027 | D:1      | Gained mutation: You are partially covered in icy blue
                  | scales. (AC +2) [Xom's grace]
  2033 | D:1      | XOM is BORED!
  2033 | D:1      | XOM: 1-stop teleportation journey
  2159 | D:1      | XOM: draining
  3541 | D:1      | Reached skill level 3 in Dodging
  3686 | D:1      | XOM: noise
  3746 | D:1      | XOM: give mutations
  3746 | D:1      | Gained mutation: Scrolls take you a little longer to read.
                  | [Xom's mischief]
  3746 | D:1      | Lost mutation: You possess an exceptional clarity of mind.
                  | [Xom's mischief]
  3746 | D:1      | Lost mutation: Scrolls take you a little longer to read.
                  | [Xom's mischief]
  3746 | D:1      | Gained mutation: You are partially covered in rugged brown
                  | scales. (AC +1, +3% HP) [Xom's mischief]
  3795 | D:1      | XOM: stat loss: -1 Str (10/11)
  4337 | D:1      | Reached XP level 3. HP: 18/26 MP: 3/3
  4856 | D:2      | XOM: give mutations
  4856 | D:2      | Gained mutation: You are dopey. (Int -2) [Xom's mischief]
  4856 | D:2      | Gained mutation: Your magical capacity is low. (-10% MP)
                  | [Xom's mischief]
  5099 | D:2      | XOM: 6-stop teleportation journey
  5119 | D:2      | Noticed a phantom
  5123 | D:2      | XOM: swap monsters
  5174 | D:2      | Noticed Sigmund
  5220 | D:2      | XOM: 9-stop teleportation journey
  5511 | D:2      | XOM: 3-stop teleportation journey
  6208 | D:2      | Reached XP level 4. HP: 30/31 MP: 3/3
  6352 | D:2      | XOM: summons 1 hostile demon
  6720 | D:2      | Killed a phantom
  6720 | D:2      | Reached skill level 4 in Dodging
  6720 | D:2      | Reached XP level 5. HP: 23/38 MP: 4/4
  6844 | D:2      | XOM: butterfly on damage
  6848 | D:2      | Killed Sigmund
  6848 | D:2      | Reached skill level 5 in Dodging
  6848 | D:2      | Reached XP level 6. HP: 25/44 MP: 5/5
  7125 | D:3      | Noticed Grinder
  7129 | D:3      | XOM: 1-stop teleportation journey
  7347 | D:3      | XOM: give mutations
  7347 | D:3      | Gained mutation: You are very dopey. (Int -4) [Xom's
                  | mischief]
  7347 | D:3      | Lost mutation: Your spells are a little harder to cast, but
                  | a little more powerful. [Xom's mischief]
  7347 | D:3      | Gained mutation: You are weak. (Str -2) [Xom's mischief]
  7347 | D:3      | Lost mutation: You are covered in fur. (AC +1) [Xom's
                  | mischief]
  7367 | D:3      | XOM: stat loss: -1 Int (9/10)
  7832 | D:3      | XOM: polymorph orc wizard -> worm
  8007 | D:3      | XOM: summons 2 hostile shadow creatures
  8097 | D:3      | XOM: give mutations
  8097 | D:3      | Lost mutation: You are very dopey. (Int -4) [Xom's
                  | mischief]
  8097 | D:3      | Gained mutation: You are frail. (-10% HP) [Xom's mischief]
  8719 | D:3      | XOM: summons 4 hostile demons
  9029 | D:3      | XOM: give mutations
  9029 | D:3      | Lost mutation: Your magical capacity is low. (-10% MP)
                  | [Xom's mischief]
  9029 | D:3      | Gained mutation: You are very weak. (Str -4) [Xom's
                  | mischief]
  9182 | D:3      | XOM is BORED!
  9182 | D:3      | XOM: draining
  9194 | D:3      | XOM: 2-stop teleportation journey
  9347 | D:3      | XOM: stat loss: -1 Int (10/12)
  9383 | D:3      | XOM: stat loss: -1 Int (9/12)
  9659 | D:3      | XOM: 2-stop teleportation journey
  9669 | D:3      | XOM: chaos cloud
  9712 | D:3      | XOM: 2-stop teleportation journey
  9733 | D:3      | Noticed Grinder
  9733 | D:3      | Grinder changed into Grinder the iron imp
  9733 | D:3      | XOM: polymorph Grinder -> Grinder the iron imp
  9739 | D:3      | Killed Grinder the iron imp
  9739 | D:3      | Reached XP level 7. HP: 21/45 MP: 7/7
  9741 | D:3      | XOM: scenery: 2 doors close
 10174 | D:4      | XOM: stealth player
 10174 | D:4      | Noticed Pikel
 10174 | D:4      | XOM: enchant monster (bad)
 10179 | D:4      | XOM: torment (24/45 hp)
 10185 | D:3      | Slain by Pikel

Levels and vault maps discovered:
D:1:      wheals_arrival_linesprint, layout_loops_ring, minmay_misc_feat_alley
D:2:      layout_loops_ring, first_ration, uniq_sigmund
D:3:      layout_basic, minmay_misc_feat_x, kennysheep_generic_room_15,
          uniq_grinder
D:4:      layout_basic, temple_hall, biasface_ghost_orc_armoury, minivault_27,
          uniq_robin, uniq_pikel

Skill      XL: |  1  2  3  4  5 |
---------------+----------------+-----
Dodging        | 3 4 5 |  5.6
Fighting       | 4 |  4.6
Polearms       | 4 |  4.6

Action                   |  1- 3 |  4- 6 |  7- 9 || total
-------------------------+-------+-------+-------++-------
Melee: Spear             |   113 |    26 |       ||   139
       Tentacles         |     9 |     9 |     3 ||    21
       Constrict         |    12 |    14 |     2 ||    28
       Scythe            |       |    60 |     8 ||    68
Evoke: Wand              |       |       |     3 ||     3
  Use: Scroll            |       |     2 |     1 ||     3
       Potion            |       |       |     2 ||     2
 Stab: Sleeping          |     7 |     7 |     1 ||    15
       Paralysed         |     4 |       |       ||     4
  Eat: Chunk             |    15 |    12 |       ||    27
Armor: Skin              |    13 |    13 |     4 ||    30
Dodge: Dodged            |    53 |    65 |    10 ||   128

Table legend:
 A = Non-vault XP
 B = Vault XP
 C = Vault XP percentage of total XP
 D = Non-vault monster count
 E = Vault monster count
 F = Vault count percentage of total count
                 A         B        C        D         E       F
            +---------+---------+-------+---------+---------+-------
      Total |     397 |     271 |  40.6 |      62 |       3 |   4.6
            +---------+---------+-------+---------+---------+-------
        D:1 |      35 |       0 |   0.0 |      20 |       0 |   0.0
        D:2 |     186 |     231 |  55.4 |      16 |       1 |   5.9
        D:3 |     176 |      40 |  18.5 |      26 |       2 |   7.1
            +---------+---------+-------+---------+---------+-------
